 Dungeon Crawl Stone Soup version 0.29.1-15-g9cfb28693d (webtiles) character file.

Game seed: 5007870602503124522

9128 safid the Frost Mage (level 11, -5/93 HPs)
             Began as a Merfolk Ice Elementalist on Mar 29, 2023.
             Was a Believer of Vehumet.
             Slain by a yak (11 damage)
             ... on level 1 of the Lair of Beasts.
             The game lasted 00:34:28 (14281 turns).

safid the Frost Mage (Merfolk Ice Elementalist)    Turns: 14281, Time: 00:34:29

Health: -5/93      AC: 14    Str:  8    XL:     11   Next: 41%
Magic:  28/33      EV: 13    Int: 18    God:    Vehumet [**....]
Gold:   283        SH:  0    Dex: 16    Spells: 9/29 levels left

rFire   + . .      SeeInvis .   v - +6 flail (holy)
rCold   . . .      Faith    .   (no shield)
rNeg    . . .      Spirit   .   o - +1 robe {Will+}
rPois   .          Reflect  .   (no helmet)
rElec   .          Harm     .   h - +0 cloak
rCorr   .          Rampage  .   d - +0 pair of gloves
Will    +....                   (no boots)
Stlth   ++........              (no amulet)
HPRegen 0.25/turn               a - ring of magical power
MPRegen 0.23/turn               r - ring of protection from fire

@: ice-armoured, freezing walls
A: (nimble swimmer 2), mertail
a: Renounce Religion


You were on level 1 of the Lair of Beasts.
You worshipped Vehumet.
Vehumet was pleased with you.
You visited 2 branches of the dungeon, and saw 11 of its levels.
You also visited: Sewer.

You collected 505 gold pieces.
You spent 222 gold pieces at shops.

Inventory:

Hand Weapons
 v - a +6 flail of holy wrath (weapon)
Missiles
 e - 2 curare-tipped darts
 I - 3 throwing nets
Armour
 d - a +0 pair of gloves (worn)
 h - a +0 cloak (worn)
 o - a +1 robe of willpower (worn)
Jewellery
 a - a ring of magical power (left hand)
 r - a ring of protection from fire (right hand)
 u - a ring of see invisible
 H - a ring of fire
Wands
 c - a wand of roots (22)
 E - a wand of flame (39)
 F - a wand of paralysis (4)
 J - a wand of acid (3)
Scrolls
 g - 2 scrolls of summoning
 i - a scroll of silence
 k - 2 scrolls of blinking
 l - a scroll of enchant armour
 p - a scroll of brand weapon
 s - 2 scrolls of teleportation
 y - 2 scrolls of magic mapping
 A - a scroll of identify
 B - a scroll of immolation {unknown}
 C - a scroll of vulnerability {unknown}
 D - a scroll of acquirement {unknown}
 G - 2 scrolls of amnesia {unknown}
Potions
 b - a potion of magic
 f - 4 potions of lignification
 j - a potion of flight {unknown}
 m - 2 potions of heal wounds
 n - a potion of might {unknown}
 t - 2 potions of brilliance {unknown}
 w - a potion of ambrosia {unknown}
 x - a potion of haste
 z - 2 potions of mutation {unknown}


   Skills:
 + Level 11.0 Fighting
 - Level 2.6 Dodging
 - Level 2.1 Stealth
 + Level 9.6 Spellcasting
 + Level 11.9 Ice Magic


You had 9 spell levels left.
You knew the following spells:

 Your Spells              Type           Power      Damage    Failure   Level
a - Freeze                Ice            100%       1d11      1%          1
b - Frozen Ramparts       Ice            100%       1d16      1%          3
c - Ozocubu's Armour      Ice            51%        N/A       1%          3
d - Hailstorm             Conj/Ice       30%        3d8       7%          4
e - Polar Vortex          Ice            25%        N/A       100%        9

Your spell library contained the following spells:

 Spells                   Type           Power      Damage    Failure   Level
 Searing Ray              Conj           16%        2d5       13%         2
 Sandblast                Erth           16%        2d6       9%          1
 Passwall                 Tmut/Erth      6%         N/A       13%         2
 Stone Arrow              Conj/Erth      16%        3d8       26%         3
 Freezing Cloud           Conj/Ice/Air   11%        6-21      41%         5
 Animate Armour           Summ/Erth      16%        N/A       63%         4
 Animate Dead             Necr           8%         N/A       63%         4
 Corpse Rot               Necr/Pois/Air  8%         N/A       63%         4
 Dispel Undead            Necr           8%         3d8       63%         4
 Simulacrum               Ice/Necr       15%        N/A       73%         6
 Death Channel            Necr           4%         N/A       100%        6
 Haunt                    Necr/Summ      4%         N/A       100%        7
 Infestation              Necr           4%         N/A       100%        8
 Lehudib's Crystal Spear  Conj/Erth      4%         10d3      100%        8


Dungeon Overview and Level Annotations

Branches:
Dungeon (10/15)            Temple (0/1) D:6            Lair (1/5) D:9
  Sewer (visited)
    Orc: D:9-12

Altars:
Cheibriados
Fedhas
Vehumet
Xom
Zin

Shops:
D:1 ?!(

Annotations:
D:3 1 runed translucent door, Crazy Yiuf, Grinder
D:9 1 runed translucent door


Innate Abilities, Weirdness & Mutations

((You are very nimble when in or above water. (Stealth+, EV+, Speed+++)))
Your lower body shifts to a powerful aquatic tail in water.


Message History

The wall freezes the yak.
The wall freezes the yak!
You kill the yak!
Vehumet accepts your kill.
You feel your power returning.
The wall freezes the yak.
Casting: Freeze (safe; 1% risk of failure)
Confirm with . or Enter, or press ? or * to list all spells.
Aiming: Freeze (safe; 1% risk of failure)
Press: ? - help, Shift-Dir - straight line, f - yak
Aim: a yak (lightly wounded)
You freeze the yak!
The yak is moderately wounded.
The frozen ramparts melt away.
The yak gores you.
* * * LOW HITPOINT WARNING * * *
Casting: Freeze (safe; 1% risk of failure)
Confirm with . or Enter, or press ? or * to list all spells.
Casting: Frozen Ramparts (safe; 1% risk of failure)
Press: ? - help, Dir - look around, f - activate The walls around you are covered in ice.
The wall freezes the yak!
The yak barely misses you.
Unknown command.
Casting: Frozen Ramparts (safe; 1% risk of failure)
Confirm with . or Enter, or press ? or * to list all spells.
Aiming: Freeze (safe; 1% risk of failure)
Press: ? - help, Shift-Dir - straight line, f - yak
Aim: a yak (heavily wounded)
You freeze the yak.
The yak is severely wounded.
The wall freezes the yak.
The yak gores you!
* * * LOW HITPOINT WARNING * * *
Casting: Freeze (safe; 1% risk of failure)
Confirm with . or Enter, or press ? or * to list all spells.
Aiming: Freeze (safe; 1% risk of failure)
Press: ? - help, Shift-Dir - straight line, f/p - yak
Aim: a yak (severely wounded)
You freeze the yak.
The yak is severely wounded.
A yak comes into view.
The wall freezes the yak.
The yak gores you!
You die...

.....##.##..## #####
...######..# .....#
#........#
......#####........#
.....#.............#
...Y#.......#.....+
....†...!..#.....#
.#Y......#......#
#@......#........
#†##..###.........
Y..................
............./......
................
............$...
.....#######.#..
..... ##..


You could see 2 yaks.

Vanquished Creatures
  Harold (Lair:1)
  Erolcha (D:9)
  A centaur warrior (D:9)
  A wolf spider (Lair:1)
  An ugly thing (D:8)
  A black mamba (Lair:1)
  A cane toad (Lair:1)
  A komodo dragon (D:8)
  A shadow (D:9)
  2 yaks (Lair:1)
  A wyvern (D:7)
  Eustachio (D:5)
  2 steam dragons (D:6)
  Edmund (D:4)
  8 water moccasins
  2 orc warriors
  An ice beast (D:8)
  3 black bears
  An ogre (D:4)
  5 wolves (Lair:1)
  5 phantoms
  5 kobold brigands
  5 bullfrogs
  A necrophage (D:6)
  5 scorpions
  3 wights (D:7)
  4 killer bees
  2 howler monkeys
  3 jellies (D:6)
  4 hounds (D:6)
  2 orc priests
  5 iguanas
  Ijyb (D:5)
  5 orc wizards
  A centaur simulacrum (D:9)
  13 adders
  3 river rats
  3 white imps
  3 ufetubi
  4 dart slugs
  4 worms
  23 orcs
  10 bats
  7 endoplasms
  7 giant cockroaches
  12 goblins
  6 hobgoblins
  7 jackals
  6 quokkas
  10 ball pythons
  12 frilled lizards
  29 kobolds
  9 rats
255 creatures vanquished.

Vanquished Creatures (others)
  An angel (D:8)
  4 yaks (D:8)
  An adder (D:6)
  32 fungi
  32 plants
70 creatures vanquished.

Grand Total: 325 creatures vanquished

Notes
Turn   | Place    | Note
-------+----------+-------------------------------------------
     0 | D:1      | safid the Merfolk Ice Elementalist began the quest for the
                  | Orb.
     0 | D:1      | Reached XP level 1. HP: 13/13 MP: 3/3
   368 | D:1      | Reached XP level 2. HP: 17/20 MP: 1/5
   467 | D:1      | Found Roxzicw's Antique Weapon Shoppe.
   478 | D:1      | Reached skill level 1 in Fighting
   901 | D:1      | Found Numeodgh's Magic Scroll Shop.
   943 | D:1      | Reached XP level 3. HP: 26/26 MP: 3/6
  1011 | D:1      | Found Wyriw's Distillery.
  1016 | D:1      | Learned a level 3 spell: Frozen Ramparts
  1778 | D:2      | Reached skill level 5 in Ice Magic
  1783 | D:2      | Reached XP level 4. HP: 29/33 MP: 8/8
  1789 | D:2      | Learned a level 3 spell: Ozocubu's Armour
  2786 | D:3      | Reached XP level 5. HP: 39/39 MP: 9/9
  2865 | D:3      | Noticed Grinder
  3315 | D:3      | Found a faded altar of an unknown god.
  3432 | D:3      | Found a runed translucent door.
  3433 | D:3      | Noticed Crazy Yiuf
  3633 | D:4      | Noticed Edmund
  3633 | D:4      | Noticed a phantom
  3899 | D:4      | Killed Edmund
  3900 | D:4      | Reached XP level 6. HP: 7/47 MP: 5/11
  4224 | D:4      | Found a blossoming altar of Fedhas.
  4618 | D:4      | Reached XP level 7. HP: 54/54 MP: 13/13
  4835 | D:5      | Entered Level 5 of the Dungeon
  5075 | D:5      | Noticed Eustachio
  5268 | D:5      | Found a glowing drain.
  5272 | Sewer    | Entered a sewer
  5856 | D:5      | Noticed Ijyb
  5865 | D:5      | Killed Ijyb
  5953 | D:5      | Reached skill level 5 in Fighting
  6226 | D:5      | Reached skill level 5 in Spellcasting
  6226 | D:5      | Reached XP level 8. HP: 38/62 MP: 15/15
  6868 | D:5      | Killed Eustachio
  7804 | D:1      | Bought a scroll of blinking for 82 gold pieces
  7829 | D:1      | Bought a potion of haste for 140 gold pieces
  8265 | D:6      | Reached XP level 9. HP: 36/71 MP: 17/18
  8454 | D:6      | Learned a level 4 spell: Hailstorm
  8464 | D:6      | Learned a level 9 spell: Polar Vortex
  8862 | D:6      | Found a radiant altar of Vehumet.
  8865 | D:6      | Became a worshipper of Vehumet
  8903 | D:6      | Found a staircase to the Ecumenical Temple.
 10359 | D:7      | Reached * piety under Vehumet
 10359 | D:7      | Offered knowledge of Shock by Vehumet.
 10365 | D:7      | Reached XP level 10. HP: 76/82 MP: 21/21
 10926 | D:7      | Reached skill level 10 in Ice Magic
 11473 | D:8      | Found a snail-covered altar of Cheibriados.
 11611 | D:8      | Found a shimmering altar of Xom.
 11611 | D:8      | Found a glowing silver altar of Zin.
 11611 | D:8      | Noticed an angel
 12309 | D:9      | Noticed a brown ugly thing
 12309 | D:9      | Noticed Erolcha
 12312 | D:9      | Noticed a centaur warrior
 12327 | D:8      | Killed a brown ugly thing
 12452 | D:8      | Killed an angel
 13018 | D:9      | Killed Erolcha
 13019 | D:9      | Reached skill level 10 in Fighting
 13250 | D:9      | Found a runed translucent door.
 13284 | D:9      | Found a staircase to the Lair.
 13338 | D:9      | Killed a centaur warrior
 13338 | D:9      | Offered knowledge of Searing Ray by Vehumet.
 13339 | D:9      | Reached XP level 11. HP: 50/91 MP: 24/24
 13440 | D:9      | Reached ** piety under Vehumet
 13448 | D:9      | Noticed a manticore
 13585 | D:9      | Noticed a skeletal warrior
 13599 | D:10     | Entered Level 10 of the Dungeon
 13613 | D:9      | Noticed a fire dragon
 13615 | D:9      | Noticed a centaur warrior
 13970 | Lair:1   | Entered Level 1 of the Lair of Beasts
 13972 | Lair:1   | Noticed Harold
 13987 | Lair:1   | Killed Harold
 14250 | Lair:1   | Noticed a wolf spider
 14259 | Lair:1   | Killed a wolf spider
 14281 | Lair:1   | Slain by a yak

Illustrated notes

Levels and vault maps discovered:
D:1:      erik_arrival_blinker_ship, layout_basic, serial_shops, shop,
          nicolae_shop_crystal, shop
D:2:      minmay_recursive_quarters, layout_basic,
          nicolae_concentric_dashed_squares_mild, minmay_quadrilaterals
D:3:      layout_loops_ring, dreamdust_ecumenical_altar_hidden_monk_grotto,
          uniq_crazy_yiuf_cottage, uniq_grinder
D:4:      layout_basic, mainiacjoe_overflow_chevrons,
          kennysheep_generic_room_12, uniq_edmund
D:5:      layout_basic, gup_sewer_entry_spiral, minmay_misc_feat_iff,
          kennysheep_small_spiral, uniq_ijyb, uniq_eustachio
D:6:      minmay_octagon_keep, layout_basic, kennysheep_mini,
          minmay_temple_entry_nine_rooms, amcnicky_mini_pool_medium
D:7:      layout_basic
D:8:      layout_rooms, grunt_temple_overflow_order_and_chaos_1,
          cheibrodos_worm_habitat, minivault_22
D:9:      minmay_sliced_demisemicircle, layout_gridville, old_standard_altar,
          due_lair_maze_entry_diamond, orc_david_3, hangedman_decor_lopped,
          lightli_church_of_beogh, uniq_erolcha
D:10:     layout_roguey, serial_shops, kennysheep_mini_moat
Lair:1:   layout_regular_city, nicolae_lair_run_with_the_wolves, uniq_harold

Skill      XL: |  1  2  3  4  5  6  7  8  9 10 11 |
---------------+----------------------------------+-----
Fighting       | 1 2 3 4 5 6 8 10 11 | 11.0
Ice Magic      | 5 6 7 8 9 11 | 11.9
Spellcasting   | 3 4 5 6 7 9 |  9.6
Dodging        | |  2.6
Stealth        | |  2.1

Action                   |  1- 3 |  4- 6 |  7- 9 | 10-12 || total
-------------------------+-------+-------+-------+-------++-------
Melee: Unarmed           |    19 |       |       |       ||    19
       Dagger            |    37 |    57 |       |       ||    94
       Short sword       |       |    19 |       |       ||    19
       Punch             |       |     1 |     5 |       ||     6
       Flail             |       |    15 |   161 |    55 ||   231
       Tailslap          |       |       |     1 |       ||     1
 Cast: Freeze            |    58 |    38 |    36 |    40 ||   172
       Frozen Ramparts   |       |    10 |    49 |    25 ||    84
       Ozocubu's Armour  |       |     2 |    26 |    24 ||    52
       Hailstorm         |       |       |       |     7 ||     7
  Use: Scroll            |       |    10 |     5 |     1 ||    16
       Potion            |       |     1 |       |     3 ||     4
 Stab: Sleeping          |     2 |     8 |     6 |       ||    16
Armor: Robe              |    45 |    41 |    99 |    70 ||   255
Dodge: Dodged            |    86 |    75 |   162 |   128 ||   451
